 Dungeon Crawl Stone Soup version 0.28.0 (webtiles) character file.

Game seed: 692188840462096865

54 porkupine the Sneak (level 3, -1/33 HPs)
             Began as a Draconian Delver on Feb 18, 2022.
             Was a Follower of Fedhas.
             Slain by a jelly (2 damage)
             ... on level 2 of the Dungeon.
             The game lasted 00:04:57 (2409 turns).

porkupine the Sneak (Draconian Delver)              Turns: 2409, Time: 00:04:58

Health: -1/33      AC: -3    Str: 16    XL:     3   Next: 66%
Magic:  3/3        EV: 12    Int: 10    God:    Fedhas [*.....]
Gold:   129        SH:  0    Dex: 12    Spells: 2/2 levels left

rFire   . . .      SeeInvis .   a - +0 falchion
rCold   . . .      Faith    .   (no shield)
rNeg    . . .      Spirit   .   (armour unavailable)
rPois   .          Reflect  .   (helmet restricted)
rElec   .          Harm     .   (no cloak)
rCorr   .          Rampage  .   (no gloves)
Will    .....                   (no boots)
Stlth   +++.......              (no amulet)
HPRegen 0.11/turn               (no ring)
MPRegen 0.08/turn               (no ring)

@: weak-willed, corroded
A: AC +5, unfitting armour, cold-blooded
a: Renounce Religion


You were on level 2 of the Dungeon.
You worshipped Fedhas.
Fedhas was aware of your devotion.
You visited 1 branch of the dungeon, and saw 5 of its levels.

You collected 129 gold pieces.

Inventory:

Hand Weapons
 a - a +0 falchion (weapon)
Missiles
 g - 3 poisoned darts (quivered)
 h - 3 atropa-tipped darts
Wands
 f - a wand of digging (2)
Scrolls
 b - a scroll of fog
 j - a scroll of identify {unknown}
 l - a scroll of immolation {unknown}
Potions
 c - a potion of might {unknown}
 d - 2 potions of curing {unknown}
 e - a potion of haste
 k - a potion of lignification {unknown}


   Skills:
 + Level 4.3 Fighting
 - Level 2.4 Long Blades
 - Level 2.2 Dodging
 - Level 4.7 Stealth


You had 2 spell levels left.
You didn't know any spells.
Your spell library was empty.

Dungeon Overview and Level Annotations

Branches:
Dungeon (5/15)
 Temple: D:4-7

Altars:
Fedhas


Innate Abilities, Weirdness & Mutations

Your plain brown scales are hard. (AC +5)
You cannot fit into any form of body armour.
You are cold-blooded and may be slowed by cold attacks.


Message History

You closely miss the rat. You tail-slap the rat.
The rat is moderately wounded.
The rat barely misses you.
You hit the rat.
You kill the rat!
Fedhas appreciates your contribution to the ecosystem.
A rat comes into view.
The jelly quivers.
The jelly barely misses you.
You hit the jelly.
Your hands burn!
The jelly is lightly wounded.
The jelly jiggles.
The jelly barely misses you.
You hit the jelly.
Your hands burn!
The jelly is moderately wounded.
The jelly hits you. The acid corrodes you!
You are splashed with acid.
You hit the jelly.
Your hands burn!
The jelly is heavily wounded.
The jelly hits you. The acid corrodes you!
You are splashed with acid!
* * * LOW HITPOINT WARNING * * *
You are too injured to fight recklessly!
You are too injured to fight recklessly!
You are too injured to fight recklessly!
You are too injured to fight recklessly!
You are too injured to fight recklessly!
You are too injured to fight recklessly!
You are too injured to fight recklessly!
You are too injured to fight recklessly!
You are too injured to fight recklessly!
You are too injured to fight recklessly!
You are too injured to fight recklessly!
You hit the jelly. The acid corrodes you!
Your hands burn!
* * * LOW HITPOINT WARNING * * *
The jelly is severely wounded.
The jelly barely misses you.
As you read the scroll labelled FIZ VIOROBUMM, it crumbles to dust.
Magic quickly surges around you.
It was a scroll of vulnerability.
The jelly hits you.
You die...
Fedhas appreciates your contribution to the ecosystem.

#...............# #####
####............# #...#
##...........# #...#
#......†....###...###
#..>.......)'........
#...........###...###
#...........# #...#
##...........# #...#
#...J@.......# #...#
#.###.......####...###
#.......##.##..........#
#.##.##.#...#..........#
# #. #.[..............#
.. ..#...#..........# #.
.......##.########## #
.#......... .....#.##.#


You could see a jelly (weak-willed).

Vanquished Creatures
  2 dart slugs (D:1)
  2 orcs
  5 ball pythons
  3 bats
  6 endoplasms
  5 hobgoblins
  A quokka (D:1)
  6 frilled lizards
  2 goblins (D:1)
  4 kobolds
  12 rats
48 creatures vanquished.

Notes
Turn   | Place    | Note
-------+----------+-------------------------------------------
     0 | D:5      | porkupine the Draconian Delver began the quest for the Orb.
     0 | D:5      | Reached XP level 1. HP: 19/19 MP: 1/1
    13 | D:4      | Noticed a scorpion
   113 | D:5      | Noticed an ogre
   185 | D:4      | Noticed an orc priest
   654 | D:2      | Reached XP level 2. HP: 22/26 MP: 2/2
  1600 | D:1      | Reached XP level 3. HP: 31/31 MP: 3/3
  1720 | D:1      | Found a faded altar of an unknown god.
  1723 | D:1      | Prayed at the altar of an unknown god.
  1723 | D:1      | Became a worshipper of Fedhas Madash
  1723 | D:1      | Reached * piety under Fedhas
  2408 | D:2      | HP: 1/33 [acid (4)]
  2409 | D:2      | Slain by a jelly

Illustrated notes

Levels and vault maps discovered:
D:1:      saegor_arrival_simple_c, layout_loops_corners,
          chequers_ecumenical_altar_simple
D:2:      layout_basic, hangedman_decor_clover_reticule, minmay_rat_gold_closets
D:3:      layout_loops_ring, nicolae_ru_great_annihilating_truth,
          minmay_pentomino_pile, uniq_robin
D:4:      layout_loops_ring, serial_shops, kennysheep_mini_moat,
          minmay_misc_feat_chi, minmay_stone_trees_small, uniq_pikel,
          uniq_menkaure
D:5:      layout_rooms, minmay_temple_entry_proselytizer, portal_sewer_entry_f,
          grunt_ministairs_10, kennysheep_path_1, uniq_eustachio

Skill      XL: |  1  2  3 |
---------------+----------+-----
Dodging        | 2 |  2.2
Fighting       | 4 |  4.3
Long Blades    | |  2.4
Stealth        | |  4.7

Action                   || total
-------------------------++-------
Melee: Falchion          ||   125
       Tailslap          ||    15
Evoke: Wand              ||     1
  Use: Scroll            ||     4
 Stab: Sleeping          ||    14
       Distracted        ||     1
Armor: Skin              ||    36
Dodge: Dodged            ||    68
